 Dungeon Sprint DCSS version 0.32-a0-791-gfc315c9ecd (webtiles) character file.

Game seed: 11484107310758551953

24 wilfster70 the Magician (level 3, -1/27 HPs)
             Began as a Gnoll Hedge Wizard on Mar 20, 2024.
             Slain by an ogre
             ... wielding a +0 giant club
              (14 damage)
             ... in the Dungeon (Sprint I: "Red Sonja").
             The game lasted 00:00:26 (59 turns).

wilfster70 the Magician (Gnoll Hedge Wizard)          Turns: 59, Time: 00:00:26

Health: -1/27      AC:  2    Str:  9    XL:     3   Next: 2%
Magic:  11/11      EV: 12    Int: 15    God:
Gold:   0          SH:  0    Dex: 11    Spells: 15/16 levels left

rFire   . . .        a - +0 dagger
rCold   . . .        (no shield)
rNeg    . . .        b - +0 robe
rPois   .            c - +0 hat
rElec   .            (no cloak)
rCorr   .            (no gloves)
SInv    .            (no boots)
Will    .....        (no amulet)
Stlth   +++          (no ring)
HPRegen 0.24/turn    (no ring)
MPRegen 0.12/turn

%: no teleportation
@: no status effects
A: fangs 1, strong nose, distributed training
a: no special abilities


You were in the Dungeon.
You visited 1 branch

Inventory:

Hand Weapons
 a - a +0 dagger (weapon)
Armour
 b - a +0 robe (worn)
 c - a +0 hat (worn)
Wands
 h - a wand of warping (10)
Scrolls
 i - a scroll of blinking
Potions
 d - 3 potions of magic
 e - a potion of curing
 f - a potion of heal wounds
 g - a potion of haste


   Skills:
 + Level 1.8 Fighting
 + Level 1.8 Short Blades
 + Level 1.8 Long Blades
 + Level 1.8 Axes
 + Level 1.8 Maces & Flails
 + Level 1.8 Polearms
 + Level 1.8 Staves
 + Level 1.8 Ranged Weapons
 + Level 1.8 Throwing
 + Level 1.8 Armour
 + Level 4.9 Dodging
 + Level 4.5 Stealth
 + Level 1.8 Shields
 + Level 1.8 Unarmed Combat
 + Level 7.3 Spellcasting
 + Level 2.5 Conjurations
 + Level 1.4 Hexes
 + Level 2.5 Summonings
 + Level 1.4 Necromancy
 + Level 2.5 Translocations
 + Level 1.4 Fire Magic
 + Level 1.4 Ice Magic
 + Level 1.4 Air Magic
 + Level 1.4 Earth Magic
 + Level 1.4 Alchemy
 + Level 2.0 Invocations
 + Level 1.8 Evocations
 + Level 1.6 Shapeshifting


You had 15 spell levels left.
You knew the following spells:

 Your Spells              Type           Power      Damage    Failure   Level
a - Magic Dart            Conj           52%        1d5       4%          1

Your spell library contained the following spells:

 Spells                   Type           Power      Damage    Failure   Level
 Slow                     Hex            36%        N/A       7%          1
 Blink                    Tloc           26%        N/A       7%          2
 Call Imp                 Summ           26%        N/A       7%          2
 Cigotuvi's Dreadful Rot  Necr/Alch/Air  18%        N/A       11%         2
 Mephitic Cloud           Conj/Alch/Air  10%        N/A       19%         3


Dungeon Overview and Level Annotations

Branches:
Dungeon (1/1)

Altars:


Innate Abilities, Weirdness & Mutations

You have very sharp teeth.
Your uncanny sense of smell can sniff out nearby items.
Your experience applies equally to all skills.


Message History

Your Alchemy skill increases to level 1!
Your Invocations skill gained 2 levels and is now at level 2!
Your Evocations skill increases to level 1!
Your Shapeshifting skill increases to level 1!
You have reached level 2!
You have reached level 3!
Your experience leads to an increase in your attributes!
Increase (S)trength, (I)ntelligence, or (D)exterity?
You feel clever. x2
h - a wand of warping (10)
Things that are here:
a +0 club; a +0 leather armour of cold resistance; the goblin corpse of Ijyb You feel a strong urge to attack something.
You start resting.
You feel your anger nearly subside.
You are no longer berserk.
You are exhausted.
You feel yourself slow down.
You start resting.
HP restored.
You start waiting.
You feel yourself speed up.
You start waiting.
You recover from your berserk rage.
You open the door.
An ogre comes into view. It is wielding a +0 giant club.
There is an open door here.
You barely miss the ogre. The ogre hits you with a +0 giant club!
Ouch! That really hurt!
You hit the ogre.
The ogre is lightly wounded.
You hit the ogre.
The ogre is lightly wounded.
The ogre closely misses you.
You hit the ogre.
The ogre is moderately wounded.
You barely miss the ogre.
The ogre is moderately wounded.
The ogre hits you with a +0 giant club!
Ouch! That really hurt!
You die...

##########
#<.#.)@O.#
∆
#..'..#..+
∆
#..#####+#
#..# ∆∆
∆∆∆ #..#
∆∆ #..#
#⌠⌠# ####
∆∆


You could see an ogre.

Vanquished Creatures
  Ijyb (D)
1 creature vanquished.

Notes
Turn   | Place    | Note
-------+----------+-------------------------------------------
     0 | D        | wilfster70 the Gnoll Hedge Wizard began the quest for the
                  | Orb.
     0 | D        | Reached XP level 1. HP: 13/13 MP: 8/8
     2 | D        | Noticed Ijyb
     9 | D        | Killed Ijyb
    10 | D        | Reached skill level 1 in Fighting
    10 | D        | Reached skill level 1 in Short Blades
    10 | D        | Reached skill level 1 in Long Blades
    10 | D        | Reached skill level 1 in Axes
    10 | D        | Reached skill level 1 in Maces & Flails
    10 | D        | Reached skill level 1 in Polearms
    10 | D        | Reached skill level 1 in Staves
    10 | D        | Reached skill level 1 in Ranged Weapons
    10 | D        | Reached skill level 1 in Throwing
    10 | D        | Reached skill level 1 in Armour
    10 | D        | Reached skill level 1 in Shields
    10 | D        | Reached skill level 1 in Unarmed Combat
    10 | D        | Reached skill level 1 in Hexes
    10 | D        | Reached skill level 1 in Necromancy
    10 | D        | Reached skill level 1 in Fire Magic
    10 | D        | Reached skill level 1 in Ice Magic
    10 | D        | Reached skill level 1 in Air Magic
    10 | D        | Reached skill level 1 in Earth Magic
    10 | D        | Reached skill level 1 in Alchemy
    10 | D        | Reached skill level 1 in Evocations
    10 | D        | Reached skill level 1 in Shapeshifting
    10 | D        | Reached XP level 2. HP: 22/22 MP: 10/10
    10 | D        | Reached XP level 3. HP: 27/27 MP: 11/11
    54 | D        | Noticed an ogre
    59 | D        | Slain by an ogre

Illustrated notes

Levels and vault maps discovered:
D:        dungeon_sprint_1 [red_sonja_temple_1, red_sonja_temple_small_1]

Skill      XL: |  1 |
---------------+----+-----
Fighting       | 1 |  1.8
Short Blades   | 1 |  1.8
Long Blades    | 1 |  1.8
Axes           | 1 |  1.8
Maces & Flails | 1 |  1.8
Polearms       | 1 |  1.8
Staves         | 1 |  1.8
Ranged Weapons | 1 |  1.8
Throwing       | 1 |  1.8
Armour         | 1 |  1.8
Shields        | 1 |  1.8
Unarmed Combat | 1 |  1.8
Conjurations   | 2 |  2.5
Hexes          | 1 |  1.4
Summonings     | 2 |  2.5
Necromancy     | 1 |  1.4
Translocations | 2 |  2.5
Fire Magic     | 1 |  1.4
Ice Magic      | 1 |  1.4
Air Magic      | 1 |  1.4
Earth Magic    | 1 |  1.4
Alchemy        | 1 |  1.4
Invocations    | 2 |  2.0
Evocations     | 1 |  1.8
Shapeshifting  | 1 |  1.6
Dodging        | |  4.9
Stealth        | |  4.5
Spellcasting   | |  7.3

Action                     || total
---------------------------++-------
  Melee: Dagger            ||     9
         Bite              ||     1
    Use: Potion            ||     1
   Stab: Sleeping          ||     1
 Armour: Robe              ||     3
  Dodge: Dodged            ||     3

Table legend: (Time is in decaauts)
 A = Elapsed time spent in this place.
 B = Non-inter-level travel time spent in this place.
 C = Inter-level travel time spent in this place.
 D = Time resting spent in this place.
 E = Time spent auto-exploring this place.
 F = Levels seen in this place.
 G = Mean time per level.
                   A        B        C        D        E       F      G
               +--------+--------+--------+--------+--------+-----+--------+
         Total |     67 |     67 |      0 |     50 |      0 |   1 |   67.0 |
       Dungeon |     67 |     67 |      0 |     50 |      0 |   1 |   67.0 |
               +--------+--------+--------+--------+--------+-----+--------+

Top non-repeatable levels by time:
       D: 67 daAuts
